 Dungeon Sprint DCSS version 0.30-a0-723-gc1506a1cf0 (webtiles) character file.

Game seed: 13054181831246292444

26869 NinjaNoafa the Warrior (level 13, -2/131 (134) HPs)
             Began as a Hill Orc Fighter on Jan 29, 2023.
             Was the Champion of Fedhas.
             Slain by a profane servitor
             ... wielding a +3 demon whip
              (9 damage)
             ... in the Dungeon (Sprint VII: "The Pits").
             The game lasted 00:27:13 (3539 turns).

NinjaNoafa the Warrior (Hill Orc Fighter)           Turns: 3539, Time: 00:27:14

HP:   -2/131 (134)  AC: 29    Str: 20    XL:     13   Next: 28%
MP:   4/24          EV: 10    Int:  8    God:    Fedhas [******]
Gold: 7             SH:  5    Dex: 14    Spells: 20/20 levels left

rFire   . . .      SeeInvis .    r - +7 lajatang of Order {silver, rMut}
rCold   + . .      Faith    .    (shield currently unavailable)
rNeg    . . .      Spirit   .    s - +3 plate armour
rPois   +          Reflect  +    (no helmet)
rElec   .          Harm     .    b - +2 cloak
rCorr   .          Rampage  .    c - +2 pair of gloves
rMut    +          NoTele   +    y - +0 pair of boots
Will    .....                    t - amulet of reflection Stlth
                                 v - ring "Nicue" {Ice rPois Slay+3}
HPRegen 0.41/turn                u - ring of protection from fire
MPRegen 0.19/turn

@: on berserk cooldown, slowed, lightly drained, very slow
A: no striking features
a: Renounce Religion, Wall of Briars, Grow Ballistomycete, Overgrow, Grow Oklob


You were in the Dungeon.
You worshipped Fedhas.
Fedhas was exalted by your worship.
You visited 1 branch You collected 7 gold pieces.

Inventory:

Hand Weapons
 r - the +7 lajatang of Order (weapon) {silver, rMut}
   (You found it in the Dungeon)

   rMut:      It protects you from mutation.
Missiles
 f - 2 boomerangs
 o - 9 silver javelins (quivered)
Armour
 b - a +2 cloak (worn)
 c - a +2 pair of gloves (worn)
 s - a +3 plate armour (worn)
 y - a +0 pair of boots (worn)
Jewellery
 k - a +3 ring of evasion
 t - an amulet of reflection (around neck)
 u - a ring of protection from fire (right hand)
 v - the ring "Nicue" (left hand) {Ice rPois Slay+3}
   (You found it in the Dungeon)

   [ring of ice]

   It enhances your ice magic.
   Slay:      It affects your accuracy & damage with ranged weapons and melee
   (+3).
   rF:        It makes you vulnerable to fire.
   rC:        It protects you from cold.
   rPois:     It protects you from poison.
Wands
 x - a wand of charming (5)
Scrolls
 m - 4 scrolls of identify
 n - 2 scrolls of vulnerability
 q - 2 scrolls of fog
 w - a scroll of fear
Potions
 a - 2 potions of invisibility
 d - 2 potions of resistance
 e - 10 potions of curing
 g - 6 potions of haste
 h - 2 potions of magic
 l - 2 potions of brilliance
 p - 3 potions of might


   Skills:
 - Level 18.0 Fighting
 - Level 16.0 Axes
 + Level 15.6 Staves
 - Level 8.0 Throwing
 - Level 16.0 Armour
 - Level 8.0 Dodging
 - Level 6.0 Shields
 - Level 4.0 Spellcasting
 - Level 15.0 Invocations
 - Level 6.0 Evocations


You had 20 spell levels left.
You didn't know any spells.
Your spell library contained the following spells:

 Spells                   Type           Power      Damage    Failure   Level
 Apportation              Tloc           2%         N/A       96%         1
 Alistair's Intoxication  Tmut/Pois      0%         N/A       100%        5


Dungeon Overview and Level Annotations

Branches:
Dungeon (1/1)

Altars:
Ashenzari
Cheibriados
Dithmenos
Elyvilon
Fedhas
Gozag
Hepliaklqana
Kikubaaqudgha
Makhleb
Nemelex Xobeh
Okawaru
Qazlal
Ru
Sif Muna
Trog
Uskayaw
Vehumet
Wu Jian
Xom
Yredelemnul
Zin
The Shining One
Beogh
Jiyva
Lugonu


Message History

Your oklob plant spits acid at the cherub.
The splash of acid hits the cherub.
The profane servitor hits you with a +3 demon whip.
* * * LOW HITPOINT WARNING * * *
The profane servitor draws strength from your injuries!
The profane servitor hits you with a +3 demon whip!
* * * LOW HITPOINT WARNING * * *
There is a huge open gate to a Minivault (Hard), spattered with blood here.
You feel a strong urge to attack something.
The profane servitor is no longer covered in acid.
The water elemental hits your oklob plant.
The large abomination hits your burning bush!
The dire elephant tramples your wandering mushroom!!
Your wandering mushroom holds its ground!
The dire elephant trunk-slaps your wandering mushroom!
Your wandering mushroom is destroyed!
Your wandering mushroom disappears in a puff of smoke!
The cherub hits your oklob plant with a +3 long sword of flaming!
The cherub burns your oklob plant. The cherub pecks your oklob plant.
Your oklob plant spits acid at the cherub.
The splash of acid hits the cherub!
You feel your anger nearly subside.
Your oklob plant spits acid at the cherub.
The splash of acid misses the cherub.
You are no longer berserk.
You are exhausted.
You feel yourself slow down.
The vampire knight gestures wildly while chanting.
The vampire knight flickers and vanishes!
Deactivating autopickup; reactivate with Ctrl-A.
As you read the scroll of fear, it crumbles to dust.
You assume a fearsome visage.
The rime drake looks frightened!
The profane servitor is unaffected.
The cherub looks frightened!
The water elemental is unaffected.
The profane servitor hits you with a +3 demon whip!!!
* * * LOW HITPOINT WARNING * * *
The profane servitor draws strength from your injuries!
The profane servitor hits you with a +3 demon whip!
You die...
Fedhas appreciates your contribution to the ecosystem.

#..........#
#..........#
+..#....#..#
+..........#
#..........#
#..#....#..#
+..........#
+..........#
#..#...@#..#
#.....A....+
#.k.{......+
###†E####''#
###'A####''###########
#...P..##.............
#.#'.f.##.............
#.#)XP.##..#############
#.'.[..##..#))'...'))#..


You could see a profane servitor (strong), a cherub (fleeing), a water elemental
and a rime drake (fleeing).

Vanquished Creatures
  A vault guard (D)
  5 death yaks (D)
  Urug (D)
  A flayed ghost (D)
  A spriggan druid (D)
  2 harpies (D)
  A phantasmal warrior (D)
  4 orc knights (D)
  2 manticores (D)
  An elephant (D)
  A gargoyle (D)
  An ice devil (D)
  A hellwing (D)
  2 guardian mummies (D)
  A snapping turtle (D)
  A flying skull (D)
  A jumping spider (D)
  A ynoxinul (D)
  A shadow (D)
  2 steam dragons (D)
  A warg (D)
  Duvessa (D)
  An ice beast (D)
  An ogre (D)
  A necrophage (D)
  Dowan (D)
  A killer bee (D)
  An orc priest (D)
  An orc wizard (D)
  2 adders (D)
  An ufetubus (D)
  A worm (D)
  An adder simulacrum (D)
  3 orcs (D)
  A ball python (D)
  A bat skeleton (D)
  An endoplasm (D)
  2 giant cockroaches (D)
  2 goblins (D)
  2 jackals (D)
  A ball python simulacrum (D)
  A frilled lizard (D)
  A kobold (D)
  A ballistomycete spore (D)
61 creatures vanquished.

Vanquished Creatures (collateral kills)
  A sphinx (D)
  An emperor scorpion (D)
  2 orc warlords (D)
  A merfolk javelineer (D)
  An alligator snapping turtle (D)
  A naga warrior (D)
  A deep elf knight (D)
  A sea snake (D)
  A lindwurm (D)
  2 harpies (D)
  6 orc knights (D)
  An orc sorcerer (D)
  A deep elf pyromancer (D)
  An ugly thing (D)
  A wolf spider (D)
  A black mamba (D)
  An orange demon (D)
  A molten gargoyle (D)
  4 merfolk (D)
  A troll (D)
  A snapping turtle (D)
  3 vampire mosquitoes (D)
  A water moccasin (D)
  A swamp drake (D)
  A sky beast (D)
  A wolf (D)
  A centaur (D)
  A phantom (D)
  A small abomination (D)
  Ijyb (D)
  A mummy (D)
  A giant cockroach zombie (D)
  18 ballistomycete spores (D)
62 creatures vanquished.

Grand Total: 123 creatures vanquished

Notes
Turn   | Place    | Note
-------+----------+-------------------------------------------
     0 | D        | NinjaNoafa the Hill Orc Fighter began the quest for the
                  | Orb.
     0 | D        | Reached XP level 1. HP: 19/19 MP: 1/1
    50 | D        | Found a bloodstained altar of Trog.
    50 | D        | Found a shimmering blue altar of Sif Muna.
    50 | D        | Found a viscous altar of Jiyva.
    50 | D        | Found a hazy altar of Hepliaklqana.
    50 | D        | Found an opulent altar of Gozag.
    51 | D        | Found a glowing golden altar of the Shining One.
    51 | D        | Found a glowing silver altar of Zin.
    51 | D        | Found a basalt altar of Yredelemnul.
    51 | D        | Found a shimmering altar of Xom.
    51 | D        | Found an ornate altar of the Wu Jian Council.
    51 | D        | Found a sacrificial altar of Ru.
    51 | D        | Found a stormy altar of Qazlal.
    51 | D        | Found an iron altar of Okawaru.
    51 | D        | Found a sparkling altar of Nemelex Xobeh.
    51 | D        | Found a burning altar of Makhleb.
    51 | D        | Found a blossoming altar of Fedhas.
    51 | D        | Found a white marble altar of Elyvilon.
    51 | D        | Found a shadowy altar of Dithmenos.
    51 | D        | Found a snail-covered altar of Cheibriados.
    52 | D        | Found a radiant altar of Vehumet.
    52 | D        | Found a corrupted altar of Lugonu.
    52 | D        | Found a roughly hewn altar of Beogh.
    53 | D        | Found a hide-covered altar of Uskayaw.
    53 | D        | Found an ancient bone altar of Kikubaaqudgha.
    53 | D        | Found a broken altar of Ashenzari.
    56 | D        | Became a worshipper of Fedhas Madash
    69 | D        | Reached skill level 5 in Axes
    73 | D        | Reached * piety under Fedhas
    77 | D        | Reached XP level 2. HP: 25/26 MP: 2/2
   152 | D        | Reached ** piety under Fedhas
   154 | D        | Noticed an ogre
   160 | D        | Killed an ogre
   160 | D        | Reached *** piety under Fedhas
   161 | D        | Reached XP level 3. HP: 31/31 MP: 3/3
   161 | D        | Reached XP level 4. HP: 39/39 MP: 4/4
   228 | D        | Reached skill level 1 in Invocations
   230 | D        | Noticed a necrophage
   231 | D        | Noticed a warg
   238 | D        | Reached skill level 4 in Fighting
   238 | D        | Reached skill level 1 in Dodging
   238 | D        | Reached XP level 5. HP: 26/46 MP: 4/6
   241 | D        | Reached **** piety under Fedhas
   245 | D        | Killed a warg
   246 | D        | Reached skill level 5 in Fighting
   246 | D        | Reached skill level 5 in Armour
   246 | D        | Reached skill level 5 in Shields
   246 | D        | Reached XP level 6. HP: 34/57 MP: 4/9
   247 | D        | Reached skill level 6 in Fighting
   247 | D        | Reached skill level 5 in Invocations
   325 | D        | Noticed a flying skull
   341 | D        | Killed a flying skull
   342 | D        | Reached XP level 7. HP: 38/64 MP: 7/11
   429 | D        | Noticed a flayed ghost
   442 | D        | Killed a flayed ghost
   443 | D        | Reached skill level 8 in Fighting
   443 | D        | Reached XP level 8. HP: 37/75 MP: 11/14
   560 | D        | Noticed Duvessa
   560 | D        | Noticed Dowan
   563 | D        | Reached ***** piety under Fedhas
   571 | D        | Killed Dowan
   577 | D        | Killed Duvessa
   578 | D        | Reached skill level 9 in Fighting
   638 | D        | Noticed a guardian mummy
   638 | D        | Noticed a guardian mummy
   654 | D        | Killed a guardian mummy
   655 | D        | Reached skill level 15 in Axes
   655 | D        | Reached skill level 10 in Invocations
   668 | D        | Killed a guardian mummy
   669 | D        | Reached skill level 10 in Fighting
   822 | D        | Found the +7 lajatang of Order {silver, rMut}
   950 | D        | Noticed a harpy
   950 | D        | Noticed a harpy
   950 | D        | Noticed a harpy
   950 | D        | Noticed a harpy
   960 | D        | Killed a harpy
   961 | D        | Reached skill level 10 in Armour
   961 | D        | Reached XP level 9. HP: 49/85 MP: 9/17
   962 | D        | Killed a harpy
   962 | D        | Killed a harpy
   962 | D        | Reached ****** piety under Fedhas
   964 | D        | Killed a harpy
   965 | D        | Reached skill level 10 in Staves
   965 | D        | Reached XP level 10. HP: 32/93 MP: 10/19
  1265 | D        | Noticed a death yak
  1267 | D        | Noticed Urug
  1280 | D        | Killed a death yak
  1282 | D        | Killed Urug
  1420 | D        | Noticed a manticore
  1432 | D        | Killed a manticore
  1551 | D        | Noticed an elephant
  1551 | D        | Noticed a gargoyle
  1557 | D        | Reached skill level 1 in Throwing
  1561 | D        | Killed an elephant
  1562 | D        | Reached skill level 5 in Dodging
  1568 | D        | Killed a gargoyle
  1569 | D        | Reached XP level 11. HP: 80/99 MP: 20/20
  1625 | D        | Noticed a wolf spider
  1631 | D        | Killed a wolf spider
  1632 | D        | Reached skill level 5 in Throwing
  1641 | D        | Reached skill level 11 in Fighting
  2160 | D        | Noticed Ijyb
  2160 | D        | Noticed a deep elf pyromancer
  2160 | D        | Noticed a sea snake
  2160 | D        | Noticed a lindwurm
  2161 | D        | Noticed an alligator snapping turtle
  2165 | D        | Noticed a death yak
  2166 | D        | Noticed a phantasmal warrior
  2176 | D        | Killed a phantasmal warrior
  2178 | D        | Killed a deep elf pyromancer
  2178 | D        | Killed a death yak
  2179 | D        | Reached skill level 12 in Fighting
  2196 | D        | Killed a lindwurm
  2198 | D        | Killed a sea snake
  2201 | D        | Reached skill level 13 in Fighting
  2227 | D        | Killed Ijyb
  2228 | D        | Killed an alligator snapping turtle
  2492 | D        | Got the ring "Nicue" {Ice rPois Slay+3}
  2580 | D        | Noticed an orc sorcerer
  2582 | D        | Noticed a soul eater
  2589 | D        | Killed an orc sorcerer
  2617 | D        | Noticed an emperor scorpion
  2620 | D        | Noticed a manticore
  2631 | D        | Killed a manticore
  2631 | D        | Killed an emperor scorpion
  2632 | D        | Reached skill level 15 in Invocations
  2632 | D        | Reached skill level 14 in Fighting
  2632 | D        | Reached XP level 12. HP: 40/117 MP: 10/23
  2838 | D        | Noticed a sphinx
  2838 | D        | Noticed a naga warrior
  2842 | D        | Noticed a deep elf knight
  2845 | D        | Killed a naga warrior
  2849 | D        | Reached skill level 5 in Evocations
  2849 | D        | Killed a sphinx
  2856 | D        | Noticed an orc warlord
  2861 | D        | Noticed an orc warlord
  2865 | D        | Noticed a vault guard
  2866 | D        | Killed a deep elf knight
  2871 | D        | Reached skill level 15 in Fighting
  2881 | D        | Reached skill level 15 in Armour
  2883 | D        | Killed an orc warlord
  2883 | D        | Killed an orc warlord
  2889 | D        | Killed a vault guard
  2890 | D        | Reached skill level 16 in Fighting
  2927 | D        | Reached XP level 13. HP: 74/130 MP: 17/24
  2964 | D        | Reached skill level 17 in Fighting
  2993 | D        | Reached skill level 18 in Fighting
  3121 | D        | Noticed a merfolk javelineer
  3130 | D        | Killed a merfolk javelineer
  3131 | D        | Reached skill level 15 in Staves
  3524 | D        | Noticed a vampire knight
  3524 | D        | Noticed a profane servitor
  3526 | D        | Noticed a dire elephant
  3539 | D        | Slain by a profane servitor

Illustrated notes

Levels and vault maps discovered:
D:        pitsprint [storerooms_1, entrance_room_1, metal_vault_1, armoury_2,
          mini_pit_1, grid_room_1, main_hall_1, silver_pit, the_coven_3,
          the_vestibule_1, steel_vault_3, golden_pit, hallway_of_sentries,
          crystal_vault_4, iron_vault_3, final_vault]

Skill      XL: |  1  2  3  4  5  6  7  8  9 10 11 12 13 |
---------------+----------------------------------------+-----
Axes           | 5 11 12 13 14 15 16 | 16.0
Invocations    | 2 4 6 9 11 12 15 | 15.0
Fighting       | 4 5 6 8 10 14 16 18 | 18.0
Dodging        | 1 2 3 4 5 6 8 |  8.0
Armour         | 5 6 8 10 12 16 | 16.0
Shields        | 5 6 |  6.0
Staves         | 4 10 14 15 | 15.6
Throwing       | 3 8 |  8.0
Evocations     | 3 6 |  6.0
Spellcasting   | 4 |  4.0

Action                     |  1- 3 |  4- 6 |  7- 9 | 10-12 | 13-15 || total
---------------------------+-------+-------+-------+-------+-------++-------
  Melee: Hand axe          |    25 |    28 |    57 |       |       ||   110
         War axe           |     7 |       |       |       |       ||     7
         Lajatang          |       |       |     8 |    62 |    30 ||   100
  Throw: Javelin           |       |       |       |    10 |     7 ||    17
 Invoke: Grow Ballistomyce |       |     1 |       |     5 |       ||     6
         Overgrow          |       |       |     1 |     7 |     3 ||    11
         Wall of Briars    |       |       |       |     7 |       ||     7
         Grow Oklob        |       |       |       |     6 |     2 ||     8
  Evoke: Wand              |       |       |       |     4 |       ||     4
    Use: Potion            |     1 |     3 |     5 |    11 |     1 ||    21
         Scroll            |       |       |       |     6 |     1 ||     7
   Stab: Confused          |       |       |     1 |     1 |       ||     2
 Armour: Scale mail        |    14 |       |       |       |       ||    14
         Chain mail        |       |    18 |     6 |       |       ||    24
         Plate armour      |       |       |    29 |   100 |    21 ||   150
  Dodge: Dodged            |    15 |    17 |    43 |    71 |    13 ||   159
  Block: Buckler           |    12 |     8 |     8 |       |       ||    28
         Other             |       |       |       |     8 |     6 ||    14
         Reflection        |       |       |       |       |     1 ||     1

Table legend: (Time is in decaauts)
 A = Elapsed time spent in this place.
 B = Non-inter-level travel time spent in this place.
 C = Inter-level travel time spent in this place.
 D = Time resting spent in this place.
 E = Time spent auto-exploring this place.
 F = Levels seen in this place.
 G = Mean time per level.
                   A        B        C        D        E       F      G
               +--------+--------+--------+--------+--------+-----+--------+
         Total |   3526 |   3468 |     58 |   2186 |    230 |   1 | 3526.0 |
       Dungeon |   3526 |   3468 |     58 |   2186 |    230 |   1 | 3526.0 |
               +--------+--------+--------+--------+--------+-----+--------+

Top non-repeatable levels by time:
       D: 3526 daAuts
